Map: Daybreak LE (Void)

Players

Fropez - Winner!

  • Race: Protoss Protoss
  • League: Gold
  • Spawn Location: 1:00

ResonanceWIN

  • Race: Protoss Protoss
  • League: Silver
  • Spawn Location: 7:00

VOD

Have the link to the VOD?

Description

Time

  • Played on: Nov. 28, 2016, 7:09 p.m.
  • Length: 12:39
Show
View Real Time Build Order
Export as new Build Order

Fropez Protoss - Winner!

Build Orders: Oracle Opening 

Get SALT Encoding   

  12  0:01  Probe (Chrono Boost)  
  13  0:18  Probe (Chrono Boost)  
  13  0:20  Pylon  
  14  0:27  Assimilator  
  15  0:28  Probe (Chrono Boost)  
  15  0:40  Gateway  
  15  0:43  Probe (Chrono Boost)  
  16  0:53  Probe (Chrono Boost)  
  17  1:02  Assimilator  
  18  1:04  Probe (Chrono Boost)  
  18  1:20  Probe (Chrono Boost)  
  19  1:28  Cybernetics Core  
  19  1:31  Probe (Chrono Boost)  
  20  1:41  Probe (Chrono Boost)  
  21  1:52  Probe (Chrono Boost)  
  21  1:53  Pylon  
  22  2:02  Probe (Chrono Boost)  
  23  2:11  Stargate  
  24  2:16  Mothership Core (Chrono Boost)  
  25  2:26  Pylon  
  25  2:34  Probe (Chrono Boost)  
  26  2:37  Protoss Air Weapons Level 1  
  26  2:49  Nexus  
  27  2:54  Oracle (Chrono Boost)  
  29  3:04  Probe  
  30  3:21  Probe  
  30  3:26  Pylon, Stalker  
  33  3:37  Probe  
  34  3:43  Robotics Facility  
  33  3:49  Probe  
  34  4:10  Oracle (Chrono Boost)  
  37  4:30  Observer (Chrono Boost)  
  36  4:32  Warp Gate (Chrono Boost)  
  32  4:58  Probe  
  33  5:10  Phoenix  
  35  5:21  Stalker  
  37  5:28  Probe  
  37  5:29  Probe  
  37  5:30  Forge  
  39  5:35  Assimilator  
  39  6:07  Assimilator  
  39  6:08  Gateway  
  39  6:13  Pylon  
  39  6:20  Probe  
  39  6:24  Twilight Council  
  40  6:35  Photon Cannon  
  40  6:38  Photon Cannon  
  40  6:42  Probe  
  41  6:52  Nexus  
  41  6:55  Assimilator  
  41  6:56  Pylon  
  41  7:01  Stalker  
  43  7:09  Stalker  
  45  7:18  Protoss Shields Level 1  
  45  7:28  Void Ray (Chrono Boost)  
  49  7:34  Protoss Air Armor Level 1 (Chrono Boost)  
  49  7:41  Probe  
  49  7:42  Probe  
  51  7:53  Zealot x2  
  55  8:34  Void Ray (Chrono Boost)  
  59  8:43  Probe  
  59  8:44  Probe x2  
  59  8:48  Stargate, Stalker x2  
  66  8:53  Pylon, Photon Cannon  
  66  8:57  Probe  
  66  8:58  Probe  
  66  8:59  Probe  
  69  9:06  Gateway  
  69  9:08  Probe  
  70  9:10  Probe  
  70  9:11  Probe  
  70  9:14  Zealot x2  
  70  9:15  Assimilator  
  76  9:22  Phoenix  
  72  9:53  Probe x2  
  74  10:01  Photon Cannon  
  74  10:05  Gateway  
  74  10:06  Zealot x2  
  78  10:09  Pylon  
  78  10:10  Phoenix  
  78  10:13  Pylon  
  80  10:15  Void Ray  
  82  10:40  Mothership Core  
  82  10:52  Zealot x3  
  88  11:01  Void Ray x2  
Show
View Real Time Build Order
Export as new Build Order

ResonanceWIN Protoss 

Build Orders: Dark Templar Rush 

Get SALT Encoding   

  12  0:01  Probe (Chrono Boost)  
  13  0:12  Probe (Chrono Boost)  
  14  0:20  Pylon  
  14  0:23  Probe (Chrono Boost)  
  15  0:39  Gateway  
  15  0:45  Probe (Chrono Boost)  
  15  0:46  Assimilator  
  16  1:08  Probe (Chrono Boost)  
  17  1:19  Probe (Chrono Boost)  
  18  1:26  Cybernetics Core  
  18  1:30  Pylon  
  18  1:35  Probe (Chrono Boost)  
  18  1:37  Assimilator  
  19  1:46  Probe (Chrono Boost)  
  20  1:56  Probe (Chrono Boost)  
  21  2:04  Twilight Council  
  21  2:12  Pylon, Warp Gate (Chrono Boost)  
  21  2:25  Pylon  
  21  2:35  Probe (Chrono Boost)  
  22  2:44  Dark Shrine  
  22  2:46  Probe (Chrono Boost)  
  23  2:56  Probe (Chrono Boost)  
  24  3:00  Gateway  
  24  3:01  Gateway  
  24  3:07  Gateway  
  24  3:16  Probe  
  14  4:07  Forge  
  14  4:08  Probe  
  11  4:16  Dark Templar x3  
  17  4:20  Probe  
  18  4:32  Probe  
  18  4:44  Probe  
  13  5:03  Pylon  
  13  5:06  Probe  
  14  5:18  Probe  
  15  5:25  Stargate  
  15  5:30  Probe  
  16  5:42  Probe  
  12  5:54  Probe  
  13  5:58  Photon Cannon  
  13  6:06  Probe  
  14  6:18  Probe  
  15  6:30  Probe  
  16  6:41  Void Ray (Chrono Boost)  
  16  6:44  Probe (Chrono Boost)  
  21  7:16  Probe  
  21  7:22  Void Ray (Chrono Boost)  
  25  7:28  Probe  
  24  7:40  Probe  
  25  7:52  Probe  
  26  8:00  Void Ray (Chrono Boost)  
  26  8:04  Probe  
  31  8:17  Probe  
  31  8:25  Pylon  
  27  8:29  Probe  
  28  8:41  Probe  
  29  8:42  Pylon  
  29  8:53  Probe  
  34  8:56  Void Ray (Chrono Boost)  
  34  9:16  Photon Cannon  
  34  9:21  Pylon  
  34  9:22  Probe (Chrono Boost)  
  35  9:34  Probe (Chrono Boost)  
  34  9:44  Probe (Chrono Boost)  
  27  9:55  Probe (Chrono Boost)  
  28  10:05  Probe (Chrono Boost)  
  29  10:16  Probe (Chrono Boost)  
  30  10:27  Probe (Chrono Boost)  
  27  10:37  Probe (Chrono Boost)  
  20  10:48  Probe (Chrono Boost)  
  17  10:50  Void Ray  
  21  11:07  Probe (Chrono Boost)  
  23  11:25  Mothership Core (Chrono Boost)  
  24  11:33  Void Ray  
Tags
 
Add a new tag
Caveats
  • Supply blocks, unpowered buildings, or Contaminate may cause inaccurate times.
  • Supply counts are checked every 10 seconds.